 Dungeon Crawl Stone Soup version 0.17.1-3-g152610e (webtiles) character file.

67 pipel the Skirmisher (level 4, -3/49 HPs)
             Began as an Ogre Wizard on Apr 11, 2016.
             Slain by an orc
             ... wielding a +5 flail
              (14 damage)
             ... on level 4 of the Dungeon.
             The game lasted 00:05:14 (1581 turns).

pipel the Skirmisher (Ogre Wizard)                  Turns: 1581, Time: 00:05:14

Health: -3/49      AC:  3    Str: 12      XL:     4   Next: 16%
Magic:  1/9        EV:  9    Int: 18      God:
Gold:   42         SH:  0    Dex:  5 (8)  Spells: 3 memorised, 5 levels left

rFire  . . .     SeeInvis .     i - +0 dagger
rCold  . . .     Clarity  +     a - +0 robe
rNeg   . . .     SustAt   .     (no shield)
rPois  .         Gourm    .     b - +0 hat
rElec  .         Spirit   .     (no cloak)
rCorr  .         Warding  .     (gloves unavailable)
rMut   .         Stasis   .     (boots unavailable)
MR     .....                    o - amulet of clarity
Stlth  +.........               (no ring)
                                (no ring)

@: repel missiles, not resistant to hostile enchantments, very unstealthy
A: unfitting armour, tough skin 1
a: no special abilities


You were on level 4 of the Dungeon.
You were very hungry.

You visited 1 branch of the dungeon, and saw 3 of its levels.

You collected 42 gold pieces.

Inventory:

Hand Weapons
 i - a +0 dagger (weapon)
Missiles
 h - a stone (quivered)
 l - 9 poisoned needles
Armour
 a - a +0 robe (worn)
 b - a +0 hat (worn)
Jewellery
 o - an amulet of clarity (around neck)
Scrolls
 j - a scroll of remove curse
Books
 c - a book of Minor Magic

   Spells                             Type                      Level
   a - Magic Dart                     Conjuration                  1
   b - Blink                          Translocation                2
   c - Call Imp                       Summoning                    2
   d - Repel Missiles                 Charms/Air                   2
   e - Slow                           Hexes                        2
   f - Conjure Flame                  Conjuration/Fire             3
   g - Mephitic Cloud                 Conjuration/Poison/Air       3
Comestibles
 d - a bread ration
 k - a meat ration
 m - 5 fruits


   Skills:
 + Level 4.8 Fighting
 - Level 1.7 Dodging
 - Level 1.5 Stealth
 - Level 3.6 Spellcasting
 - Level 0.6 Conjurations
   Level 0.6 Summonings
 - Level 0.6 Translocations


You had 5 spell levels left.
You knew the following spells:

 Your Spells              Type           Power        Failure   Level  Hunger
a - Magic Dart            Conj           #...         12%         1    None
b - Blink                 Tloc           N/A          17%         2    ##.....
c - Repel Missiles        Chrm/Air       #.....       28%         2    ##.....


Dungeon Overview and Level Annotations

Branches:
Dungeon (4/15)             Temple (0/1) D:4

Altars:


Innate Abilities, Weirdness & Mutations

You are too large for most types of armour.
You have tough skin (AC +1).


Message History

The orc wizard barely misses you.
The orc wizard gestures wildly while chanting.
The orc wizard flickers and vanishes!
Deactivating autopickup; reactivate with Ctrl-A.
You completely miss something.
You hear some strange, mumbled words.
A puff of flame appears from out of thin air!
The puff of flame hits you!
* * * LOW HITPOINT WARNING * * *
You hit something.
Reactivating autopickup.
Your Fighting skill increases to level 4!
You have reached level 4!
You feel a bit more experienced.
You aren't carrying any potions.
You barely miss the orc. The orc completely misses you.
You hit the orc.
The orc is moderately wounded.
The orc hits you with an enchanted flail!
You die...

,+,,,,,,,,,,,,* ,*,,,,,,,_,,,,*
,*,,,,,,,,,,,,*******************
,,,,,,,*,,,#.,,,,,,,,,,,,,,,,,,,,
,,,,,,,**,*#...#####*************
,,,,,,,,,,,..S.....# ****
*,,,,,,*,,,***,**#.#**********,,,
*,,,,,,,,,,* *,###.#,,,,,,,,,****
*,,,,,,,,,,* *,#@o.+,,,,,,,,,*,**
*,,,,,,,,,,* *,###.#,,,,,,,,,*,**
,,,,**,,,,,* *,,,%.'.,,,,,,,,*,**
,,*,**,,,,,* ***##.#...,,,,,,*,**
,,*,****+*** #o#,...,,,,,*,**
,,*,,* *,* #..,,##******,,,
,,**,***,* #.o,,,,,,,,,,,**
,,**,,**,* #.o,,***********
,,***,**,* *,,,,* *


You could see an orc.

Vanquished Creatures
  An orc wizard (D:4)
  An adder (D:4)
  2 oozes (D:1)
  3 bats (D:1)
  2 giant cockroaches (D:1)
  A hobgoblin (D:2)
  A giant newt (D:2)
  5 goblins (D:1)
  2 kobolds (D:1)
  4 rats
22 creatures vanquished.

Notes
Turn   | Place    | Note
--------------------------------------------------------------
     0 | D:1      | pipel the Ogre Wizard began the quest for the Orb.
     0 | D:1      | Reached XP level 1. HP: 16/16 MP: 5/5
    78 | D:1      | Reached skill level 1 in Fighting
   460 | D:1      | Reached XP level 2. HP: 28/28 MP: 4/6
  1069 | D:1      | Reached XP level 3. HP: 37/37 MP: 5/8
  1360 | D:1      | Learned a level 2 spell: Repel Missiles
  1364 | D:1      | Learned a level 2 spell: Blink
  1527 | D:2      | You fall through a shaft for 2 floors!
  1531 | D:4      | Noticed an orc warrior
  1579 | D:4      | Reached skill level 4 in Fighting
  1579 | D:4      | Reached XP level 4. HP: 10/49 MP: 0/9
  1581 | D:4      | Slain by an orc

Action                   |  1- 3 |  4- 6 || total
-------------------------+-------+-------++-------
Melee: Unarmed           |     9 |       ||     9
       Dagger            |    57 |     2 ||    59
Throw: Stone             |     2 |       ||     2
 Cast: Magic Dart        |    63 |       ||    63
       Repel Missiles    |     1 |       ||     1
  Use: Scroll            |     2 |       ||     2
       Potion            |     2 |       ||     2
 Stab: Sleeping          |     1 |       ||     1
  Eat: Chunk             |     1 |       ||     1
